 Dungeon Crawl Stone Soup version 0.30.1-11-g7821555f0a (webtiles) character file.

Game seed: 14017766056107979402

3413 bnorton916 the Thaumaturge (level 9, -4/45 HPs)
             Began as a Deep Elf Conjurer on Jan 13, 2024.
             Was an Initiate of Gozag.
             Killed by divine providence
             ... invoked by an orc priest
              (15 damage)
             ... on level 7 of the Dungeon.
             The game lasted 00:11:24 (8474 turns).

bnorton916 the Thaumaturge (Deep Elf Conjurer)      Turns: 8474, Time: 00:11:24

Health: -4/45      AC:  5    Str:  4    XL:     9   Next: 76%
Magic:  13/25      EV: 12    Int: 28    God:    Gozag
Gold:   285        SH:  0    Dex: 15    Spells: 18/29 levels left

rFire   + . .        I - +7 whip of Dismay {drain, Dex+2}
rCold   . . .        (no shield)
rNeg    . . .        G - +0 robe {Archmagi}
rPois   .            (no helmet)
rElec   .            (no cloak)
rCorr   .            x - +1 pair of gloves
SInv    .            u - +0 pair of boots
Will    +....        y - amulet of the acrobat
Stlth   ++           s - ring of protection from fire
HPRegen 0.27/turn    E - ring of willpower
MPRegen 0.19/turn

%: acrobat, archmagi
@: gold aura
A: no striking features
a: Renounce Religion, Potion Petition, Call Merchant, Bribe Branch


You were on level 7 of the Dungeon.
You worshipped Gozag.
Gozag was aware of your devotion.
You visited 2 branches of the dungeon, and saw 8 of its levels.

You collected 420 gold pieces.
You paid 135 gold pieces to Gozag.

Inventory:

Hand Weapons
 f - a +3 dagger of speed
 I - the +7 whip of Dismay (weapon) {drain, Dex+2}
   (You found it on level 6 of the Dungeon)

   Dex:       It affects your dexterity (+2).
Missiles
 g - 32 poisoned darts
 l - 2 curare-tipped darts (quivered)
 B - a throwing net
Armour
 u - a +0 pair of boots (worn)
 x - a +1 pair of gloves (worn)
 G - a +0 robe of the Archmagi (worn)
Jewellery
 s - a ring of protection from fire (left hand)
 w - a ring of fire
 y - an amulet of the acrobat (around neck)
 E - a ring of willpower (right hand)
 F - an amulet of regeneration
Wands
 a - a wand of polymorph (8)
 r - a wand of roots (1)
 A - a wand of flame (12)
 H - a wand of paralysis (8)
Scrolls
 c - a scroll of immolation {unknown}
 d - 4 scrolls of teleportation {unknown}
 e - 2 scrolls of enchant armour {unknown}
 h - a scroll of fog {unknown}
 n - 4 scrolls of identify {unknown}
 o - 2 scrolls of amnesia {unknown}
 p - 2 scrolls of magic mapping {unknown}
 t - 2 scrolls of fear {unknown}
 D - a scroll of noise {unknown}
Potions
 i - 2 potions of curing {unknown}
 j - 2 potions of heal wounds {unknown}
 k - a potion of lignification {unknown}
 m - a potion of resistance {unknown}
 q - 2 potions of degeneration {unknown}
 v - 2 potions of flight {unknown}
 z - a potion of attraction {unknown}
 C - 2 potions of might {unknown}


   Skills:
 - Level 4.0 Armour
 - Level 2.4 Dodging
 - Level 2.4 Stealth
 + Level 10.7 Spellcasting
 + Level 9.7 Conjurations
 - Level 6.0 Hexes
 - Level 5.0 Translocations


You had 18 spell levels left.
You knew the following spells:

 Your Spells              Type           Power      Damage    Failure   Level
a - Magic Dart            Conj           100%       1d8       1%          1
b - Searing Ray           Conj           100%       2d8       1%          2
c - Iskenderun's Mystic   Conj/Tloc      71%        2d14      1%          4
d - Fulminant Prism       Conj/Hex       36%        3d17      1%          4

Your spell library contained the following spells:

 Spells                   Type           Power      Damage    Failure   Level
 Dazzling Flash           Conj/Hex       100%       N/A       1%          3


Dungeon Overview and Level Annotations

Branches:
Dungeon (7/15)             Temple (1/1) D:7

Altars:
Ashenzari
Cheibriados
Dithmenos
Elyvilon
Fedhas
Gozag
Kikubaaqudgha
Makhleb
Nemelex Xobeh
Okawaru
Qazlal
Ru
Uskayaw
Vehumet
Xom
Yredelemnul
Zin
The Shining One

Shops:
D:4 :


Message History

The orc wizard is almost dead.
An orc priest comes into view. It is wielding a +0 short sword.
The searing ray hits the orc wizard but does no damage.
The orc wizard is almost dead.
The orc priest mumbles some strange prayers to Beogh against you.
Beogh smites you!
You hear a shout!
The searing ray misses the orc wizard.
You finish channelling your searing ray.
The orc wizard barely misses you.
The orc priest mumbles some strange prayers to Beogh against you.
Beogh smites you! The orc wizard casts a spell at you. The magic dart hits you!
* * * LOW HITPOINT WARNING * * *
The orc priest calls upon Beogh to heal the orc wizard.
The orc wizard is healed somewhat.
You hear an angry buzzing noise. x2
Unknown command.
Casting: Searing Ray (safe; 1% risk of failure)
Confirm with . or Enter, or press ? or * to list all spells.
You feel a surge of power!
You erupt in a blast of force!
The mystic blast hits the orc wizard!
You kill the orc wizard!
A killer bee comes into view.
The killer bee is distracted by your dazzling golden aura.
Unknown command.
Casting: Iskenderun's Mystic Blast (dangerous; 1% risk of failure)
Confirm with . or Enter, or press ? or * to list all spells.
Aiming: Fulminant Prism (dangerous; 1% risk of failure)
Press: ? - help, Dir - move target You feel a surge of power!
You conjure a prism of explosive energy!
The killer bee buzzes angrily.
A fulminant prism comes into view.
You hear a shout!
The orc priest calls down the wrath of Beogh upon you.
Beogh smites you!
You die...
Your body crumbles into a pile of gold.

#....## #.###.# #.# #.#
#.###.# ##...## # . ##.##
#.# .##.# ##.##
#.###.#..#
.y####*..######........##
o.'o.).$@................
..####...###..##...##..##
#####.####..##...##....
#............$..$.....≈
#.###)###.#...$>$$$$..≈
#.# #)# #.#....$$$$...~
#.# #)# #.#.##...##...≈
#.# #.# #...##...##.#.≈
#.###.###..............


You could see a killer bee, an orc priest (ally target) and a friendly fulminant
prism.

Vanquished Creatures
  Sigmund (D:3)
  8 yaks (D:6)
  2 water moccasins (D:5)
  2 orc warriors
  An ice beast (D:6)
  A sky beast (D:6)
  An ogre (D:4)
  2 black bears
  2 kobold brigands
  2 bullfrogs
  A gnoll sergeant (D:6)
  A scorpion (D:5)
  4 hounds
  4 iguanas
  2 jellies (D:6)
  2 gnoll boudas
  7 orc wizards
  16 gnolls
  5 adders
  A shadow imp (D:6)
  2 white imps
  2 ufetubi
  A worm (D:2)
  2 dart slugs
  24 orcs
  10 ball pythons
  7 bats
  7 endoplasms
  4 giant cockroaches
  13 goblins
  7 hobgoblins
  20 kobolds
  5 quokkas
  2 frilled lizards
  4 rats
175 creatures vanquished.

Vanquished Creatures (others)
  23 fulminant prisms
23 creatures vanquished.

Grand Total: 198 creatures vanquished

Notes
Turn   | Place    | Note
-------+----------+-------------------------------------------
     0 | D:1      | bnorton916 the Deep Elf Conjurer began the quest for the
                  | Orb.
     0 | D:1      | Reached XP level 1. HP: 10/10 MP: 6/6
   282 | D:1      | Reached XP level 2. HP: 15/15 MP: 5/8
   381 | D:1      | Learned a level 2 spell: Searing Ray
   673 | D:1      | Reached skill level 4 in Spellcasting
   894 | D:2      | Reached skill level 5 in Conjurations
   894 | D:2      | Reached XP level 3. HP: 19/19 MP: 8/10
   976 | D:2      | Found a sacrificial altar of Ru.
  1794 | D:2      | Reached XP level 4. HP: 8/24 MP: 3/12
  2195 | D:3      | Noticed Sigmund
  2196 | D:3      | Reached skill level 5 in Spellcasting
  2319 | D:2      | Learned a level 4 spell: Iskenderun's Mystic Blast
  2324 | D:2      | Learned a level 4 spell: Fulminant Prism
  2636 | D:3      | Found a broken altar of Ashenzari.
  2636 | D:3      | Found an ancient bone altar of Kikubaaqudgha.
  2682 | D:3      | Found a shadowy altar of Dithmenos.
  3221 | D:4      | Noticed a black bear
  3246 | D:3      | Killed Sigmund
  3247 | D:3      | Reached XP level 5. HP: 28/28 MP: 6/15
  3247 | D:3      | Reached XP level 6. HP: 32/32 MP: 6/16
  3340 | D:4      | Reached skill level 6 in Spellcasting
  3952 | D:4      | Found Bady's Book Shoppe.
  4232 | D:4      | Reached XP level 7. HP: 9/36 MP: 9/18
  4645 | D:5      | Entered Level 5 of the Dungeon
  5117 | D:5      | Reached skill level 7 in Spellcasting
  5178 | D:5      | Reached skill level 5 in Hexes
  5202 | D:5      | Reached XP level 8. HP: 41/41 MP: 10/20
  6390 | D:6      | Reached skill level 1 in Armour
  6390 | D:6      | Reached skill level 8 in Spellcasting
  6390 | D:6      | Reached skill level 5 in Translocations
  6801 | D:6      | Reached XP level 9. HP: 45/45 MP: 10/23
  7033 | D:6      | Identified the +7 whip of Dismay {drain, Dex+2}
  7050 | D:6      | Reached skill level 9 in Spellcasting
  7529 | D:6      | Reached skill level 10 in Spellcasting
  7813 | D:6      | Found a snail-covered altar of Cheibriados.
  8117 | D:7      | Found a staircase to the Ecumenical Temple.
  8129 | Temple   | Entered the Ecumenical Temple
  8178 | Temple   | Became a worshipper of Gozag Ym Sagoz the Greedy
  8474 | D:7      | Killed from afar by an orc priest

Illustrated notes

Levels and vault maps discovered:
D:1:      roderic_chinese_lattice_arrival, layout_rooms
D:2:      layout_loops_ring, basic_altar
D:3:      layout_basic, nicolae_dithmenos_through_a_glass_darkly,
          grunt_temple_overflow_open, uniq_sigmund
D:4:      minmay_chambers_of_threes, layout_loops_ring, serial_shops, shop
D:5:      layout_loops_ring
D:6:      layout_basic, cheibriados_altar_1
D:7:      layout_loops_corners, kennysheep_orc_sif_temple,
          minmay_temple_entry_stoned_glass, enter_bailey_5, minmay_shop_damaged,
          nicolae_sextant, st_stairs_7, grunt_ministairs_14
Temple:   nicolae_temple_bog_church

Skill      XL: |  1  2  3  4  5  6  7  8  9 |
---------------+----------------------------+-----
Spellcasting   | 4 5 6 7 8 10 | 10.7
Conjurations   | 5 6 7 8 9 |  9.7
Hexes          | 2 3 5 6 |  6.0
Translocations | 2 3 4 5 |  5.0
Armour         | 2 4 |  4.0
Dodging        | |  2.4
Stealth        | |  2.4

Action                     |  1- 3 |  4- 6 |  7- 9 || total
---------------------------+-------+-------+-------++-------
  Melee: Unarmed           |     1 |       |       ||     1
         Whip              |       |       |     4 ||     4
  Throw: Dart              |       |       |     4 ||     4
   Cast: Magic Dart        |    54 |    60 |   117 ||   231
         Searing Ray       |     7 |     8 |    30 ||    45
         Fulminant Prism   |       |     1 |    23 ||    24
         Iskenderun's Myst |       |       |    10 ||    10
  Evoke: Wand              |       |       |     2 ||     2
    Use: Potion            |       |       |     1 ||     1
 Armour: Robe              |       |       |     3 ||     3
  Dodge: Dodged            |     5 |     4 |    24 ||    33
